Map: Dusk Towers

Players

IIIIIIIIIIII - Winner!

  • Race: Terran Terran
  • League: Master

Miszu

  • Race: Terran Terran
  • League: Master

VOD

Have the link to the VOD?

Description

Time

  • Played on: March 27, 2016, 4:46 p.m.
  • Length: 10:31
Show
View Real Time Build Order
Export as new Build Order

IIIIIIIIIIII Terran - Winner!

Build Orders: Reaper Expand, MMM Bio 

Get SALT Encoding   

  12  0:00  SCV  
  13  0:12  SCV  
  14  0:17  Supply Depot  
  14  0:25  SCV  
  15  0:38  SCV  
  15  0:40  Barracks  
  16  0:43  Refinery  
  16  0:50  SCV  
  17  1:03  SCV  
  18  1:15  SCV  
  19  1:27  Orbital Command  
  19  1:28  Reaper  
  20  1:43  Command Center  
  20  1:53  Supply Depot  
  20  1:55  SCV  
  20  1:59  Marine  
  22  2:08  Factory  
  22  2:12  SCV  
  23  2:16  Refinery  
  23  2:21  Marine  
  24  2:24  SCV  
  25  2:36  SCV  
  26  2:38  Marine  
  27  2:48  SCV  
  28  2:53  Starport  
  28  2:54  Factory Tech Lab  
  28  2:56  Orbital Command  
  28  2:57  Marine  
  29  3:01  SCV  
  30  3:13  SCV  
  30  3:14  Cyclone  
  30  3:15  Marine  
  35  3:23  SCV  
  35  3:25  SCV  
  37  3:32  Medivac  
  37  3:33  Marine  
  40  3:35  Engineering Bay, SCV  
  40  3:37  Supply Depot  
  40  3:38  SCV  
  42  3:47  SCV  
  43  3:50  SCV  
  43  3:51  Barracks Reactor  
  44  3:59  SCV  
  44  4:02  SCV  
  44  4:05  Siege Tank  
  48  4:10  Missile Turret  
  48  4:16  SCV x2  
  48  4:17  Refinery  
  50  4:21  Viking  
  52  4:24  Supply Depot  
  52  4:27  Supply Depot  
  52  4:28  SCV  
  47  4:45  Marine  
  47  4:46  SCV x2  
  46  4:56  Siege Tank  
  46  4:58  SCV  
  45  5:01  SCV  
  47  5:10  SCV  
  47  5:13  SCV  
  44  5:21  Barracks  
  44  5:22  Barracks, SCV  
  45  5:29  Siege Tank, SCV  
  45  5:34  SCV  
  50  5:37  Viking  
  50  5:41  SCV  
  53  5:44  Refinery  
  53  5:46  SCV  
  53  5:48  Supply Depot  
  54  5:52  Barracks  
  54  5:53  Terran Infantry Weapons Level 1, Barracks x2, SCV  
  55  5:58  SCV  
  56  6:04  Siege Tank  
  56  6:05  SCV  
  56  6:09  Barracks Tech Lab  
  56  6:10  Barracks Tech Lab, SCV  
  62  6:19  Starport Reactor  
  63  6:26  Supply Depot  
  63  6:28  Marine  
  63  6:31  Stimpack  
  62  6:34  Supply Depot x2, Combat Shields  
  62  6:35  Supply Depot, Marine  
  63  6:41  Barracks Reactor  
  63  6:42  Barracks Reactor  
  63  6:46  Marine  
  65  6:50  Barracks Reactor  
  65  6:53  Marine  
  65  6:56  Supply Depot  
  65  6:57  Supply Depot  
  65  7:01  Medivac  
  65  7:02  Command Center  
  65  7:03  Marine  
  67  7:11  Marine  
  68  7:18  Marine x4  
  68  7:21  Marine, Medivac, Siege Tank  
  78  7:26  Marine x2  
  78  7:29  Marine  
  81  7:36  Marine x4  
  80  7:39  Marine  
  77  7:44  Marine x2  
  77  7:47  Marine  
  80  7:53  Marine, Terran Infantry Armor Level 1  
  80  7:54  Marine x3  
  80  7:57  Marine  
  80  7:58  Medivac x2  
  89  7:59  Siege Tank  
  89  8:00  Command Center  
  89  8:02  Marine x2  
  89  8:04  Marine  
  95  8:07  Supply Depot  
  95  8:11  Marine x2  
  95  8:12  Marine x2  
  99  8:15  Marine  
  100  8:20  Marine x2  
  100  8:22  Marine  
  103  8:28  Medivac x2  
  103  8:29  Marine x3  
  103  8:30  Marine  
  103  8:31  Siege Tank  
  103  8:32  Supply Depot, Marine  
  103  8:33  Supply Depot  
  115  8:37  Marine  
  115  8:38  Marine  
  115  8:40  Marine  
  118  8:47  Marine x4  
  120  8:50  Marine  
  120  8:55  Marine  
  116  8:59  Marine x2  
  112  9:05  Marine x2, SCV x2  
  108  9:12  Marine x2  
  108  9:14  Marine x2  
  108  9:17  Marine x2, SCV x2  
  108  9:23  Marine x2  
  113  9:29  SCV x2  
  115  9:40  Marine x2  
  104  10:12  Marine x2  
  104  10:13  Marine  
Show
View Real Time Build Order
Export as new Build Order

Miszu Terran 

Build Orders: 1/1/1, Bio Tank 

Get SALT Encoding   

  12  0:00  SCV  
  13  0:13  SCV  
  14  0:17  Supply Depot  
  14  0:25  SCV  
  15  0:30  Refinery  
  15  0:39  SCV  
  16  0:47  Barracks  
  16  0:51  SCV  
  17  0:57  Refinery  
  17  1:03  SCV  
  18  1:15  SCV  
  20  1:36  Factory, Orbital Command  
  20  1:39  Marine  
  20  1:56  Marine  
  21  2:01  Supply Depot  
  21  2:02  SCV  
  21  2:14  Marine, SCV  
  23  2:24  Starport, Factory Tech Lab  
  23  2:27  SCV  
  24  2:37  Supply Depot, Marine  
  24  2:39  SCV  
  26  2:47  Siege Tank  
  26  2:51  SCV  
  30  2:59  Supply Depot  
  30  3:04  Marine, Medivac  
  33  3:22  Marine, Siege Tank  
  33  3:23  Supply Depot  
  33  3:24  SCV  
  31  3:34  Viking  
  38  3:41  Barracks Reactor, SCV  
  41  3:53  SCV  
  42  4:02  Command Center  
  42  4:05  SCV  
  43  4:16  Siege Tank  
  40  4:54  Marine  
  40  4:55  Marine  
  40  4:57  Siege Tank, SCV  
  44  5:08  Barracks  
  44  5:09  SCV  
  44  5:10  Barracks  
  44  5:12  Marine  
  44  5:19  Orbital Command  
  44  5:28  SCV  
  45  5:31  Starport Reactor  
  45  5:32  Siege Tank  
  48  5:36  Marine x2  
  48  5:40  SCV  
  48  5:42  Engineering Bay  
  51  5:45  SCV  
  51  5:49  Refinery  
  52  5:52  SCV  
  52  5:56  Barracks Tech Lab  
  53  5:57  Barracks Tech Lab, SCV  
  54  6:04  SCV  
  54  6:08  Medivac x2  
  54  6:09  SCV  
  54  6:10  Siege Tank  
  63  6:12  Terran Infantry Weapons Level 1  
  63  6:16  SCV  
  63  6:17  Supply Depot, Marine x3  
  67  6:21  SCV  
  67  6:25  Stimpack  
  68  6:28  SCV  
  69  6:33  SCV  
  69  6:38  Marine  
  71  6:42  Marine  
  71  6:43  Medivac  
  71  6:45  SCV  
  78  6:53  Supply Depot, SCV  
  76  6:55  Supply Depot  
  76  6:57  Supply Depot, Marine, SCV  
  76  6:59  Command Center  
  78  7:03  Combat Shields  
  78  7:12  Marine  
  78  7:14  Marine  
  78  7:15  SCV x2  
  81  7:18  Marine  
  81  7:19  Marine  
  83  7:27  SCV x2  
  80  7:30  Marine  
  80  7:33  Marauder  
  69  7:37  Marine x2  
  69  7:39  SCV x2  
  63  7:48  Marauder  
  63  7:50  Barracks  
  66  7:51  Refinery, Barracks, SCV x2  
  66  7:53  Siege Tank  
  66  7:54  Marine, Medivac  
  73  8:03  SCV x2  
  75  8:12  Marine x2  
  75  8:13  Marine x2  
  75  8:15  SCV x2  
  75  8:16  Orbital Command  
  81  8:22  Terran Infantry Armor Level 1  
  81  8:27  SCV x2  
  81  8:28  Engineering Bay  
  81  8:29  Armory  
  81  8:31  Marine x2  
  81  8:33  Marine x2  
  87  8:47  Marine x2  
  88  8:48  Siege Tank  
  88  8:49  Marine x2  
  88  8:51  Marine x2  
  86  9:05  Marine x2  
  86  9:07  Marine x2  
  86  9:09  Marine x2  
  69  9:21  Medivac  
  69  9:22  Marine  
  69  9:23  Marine  
  71  9:24  Marine x2  
  71  9:27  Marine x2  
  71  9:29  Medivac  
  77  9:40  Marine  
  77  9:41  Marine  
  77  9:42  Marine x2  
  77  9:44  Marine  
  77  9:45  Marine  
  77  9:51  Medivac  
  78  9:57  Siege Tank  
  78  9:58  SCV x2  
  78  9:59  Medivac  
  87  10:00  Marine x2  
  87  10:02  Marine x2, Orbital Command  
  91  10:10  SCV x2  
  91  10:11  Barracks Reactor  
  91  10:12  Barracks Reactor  
Tags
 
Add a new tag
Caveats
  • Supply blocks, unpowered buildings, or Contaminate may cause inaccurate times.
  • Supply counts are checked every 10 seconds.